 Dungeon Crawl Stone Soup version 0.28.0-45-g0d030f2227 (webtiles) character file.

Game seed: 17734632051871801817

93 CryoSword the Shield-Bearer (level 4, -1/37 HPs)
             Began as a Formicid Fighter on Apr 8, 2022.
             Slain by a gnoll
             ... wielding a +0 club
              (3 damage)
             ... on level 1 of the Dungeon.
             The game lasted 00:02:13 (1698 turns).

CryoSword the Shield-Bearer (Formicid Fighter)      Turns: 1698, Time: 00:02:13

Health: -1/37      AC:  7    Str: 21    XL:     4   Next: 91%
Magic:  4/4        EV:  9    Int:  7    God:
Gold:   42         SH:  5    Dex: 12    Spells: 3/3 levels left

rFire   . . .      SeeInvis +   a - +0 quarterstaff
rCold   . . .      Faith    .   c - +0 buckler
rNeg    . . .      Spirit   .   b - +0 scale mail
rPois   .          Reflect  .   (helmet unavailable)
rElec   .          Harm     .   (no cloak)
rCorr   .          Rampage  .   (no gloves)
Will    .....                   (no boots)
Stlth   ..........              (no amulet)
HPRegen 0.12/turn               (no ring)
MPRegen 0.09/turn               (no ring)

@: lethally poisoned (-1 -> -3)
A: permanent stasis, dig shafts and tunnels, antennae 3, four strong arms
a: Dig, Shaft Self


You were on level 1 of the Dungeon.
You visited 1 branch of the dungeon, and saw 2 of its levels.

You collected 42 gold pieces.

Inventory:

Hand Weapons
 a - a +0 quarterstaff (weapon)
Missiles
 f - a throwing net
Armour
 b - a +0 scale mail (worn)
 c - a +0 buckler (worn)
Scrolls
 e - 3 scrolls of identify {unknown}
 g - a scroll of acquirement {unknown}
Potions
 d - a potion of might


   Skills:
 * Level 3.9 Fighting
 * Level 2.9 Staves
 + Level 0.6 Throwing
 + Level 3.8 Armour
 + Level 0.6 Dodging
 + Level 4.3 Shields


You had 3 spell levels left.
You didn't know any spells.
Your spell library contained the following spells:

 Spells                   Type           Power      Damage    Failure   Level
 Summon Forest            Summ/Tloc      0%         N/A       100%        5
 Eringya's Noxious Bog    Tmut/Pois      0%         N/A       100%        6
 Summon Hydra             Summ           0%         N/A       100%        7


Dungeon Overview and Level Annotations

Branches:
Dungeon (2/15)

Altars:

Shops:
D:2 *


Innate Abilities, Weirdness & Mutations

You cannot be hasted, slowed, berserked, paralysed or teleported.
You can dig through walls and to a lower floor.
You have a pair of large antennae on your head. (SInv)
Your four strong arms can wield two-handed weapons with a shield.


Message History

The jackal closely misses you.
You hit the jackal. You block the jackal's attack.
The jackal closely misses you.
You closely miss the jackal.
The jackal bites you but does no damage.
You closely miss the jackal. You block the jackal's attack.
The jackal bites you but does no damage.
You barely miss the jackal. The jackal barely misses you.
You block the jackal's attack.
You closely miss the jackal. The jackal closely misses you.
You miss the jackal. You block the jackal's attack. The jackal bites you.
You sock the jackal!
You kill the jackal!
You closely miss the jackal. You block the jackal's attack. x2
You hit the jackal. The jackal barely misses you.
The jackal bites you but does no damage.
You closely miss the jackal.
The jackal bites you but does no damage.
You thump the jackal!
You kill the jackal!
No target in view!
No target in view!
No target in view!
No target in view!
No target in view!
No target in view!
No target in view!
No target in view!
No target in view!
No target in view!
No target in view!
Things that are here:
a jackal corpse; a jackal corpse A rat comes into view.
The rat twitches its whiskers.
A rat is nearby!
A rat is nearby!
A rat is nearby!
The rat bites you but does no damage.
You closely miss the rat. The rat bites you.
You hit the rat but do no damage. You block the rat's attack.
You hit the rat.
You kill the rat!
No target in view!
No target in view!
No target in view!
No target in view!
No target in view!
No target in view!
A rat and a hobgoblin come into view.
The hobgoblin shouts!
There are monsters nearby!
There are monsters nearby!
You closely miss the rat. The rat bites you but does no damage.
You hit the rat.
You kill the rat!
A jackal comes into view.
The hobgoblin hits you.
The jackal barks!
You thump the hobgoblin!
You kill the hobgoblin!
You see here a hobgoblin corpse.
A jackal comes into view.
The jackal barks!
The jackal bites you but does no damage.
You closely miss the jackal. The jackal closely misses you.
You block the jackal's attack.
You hit the jackal.
The jackal bites you but does no damage. x2
You hit the jackal but do no damage.
The jackal bites you but does no damage.
You miss the jackal. The jackal misses you.
The jackal bites you but does no damage.
You miss the jackal. The jackal closely misses you.
You block the jackal's attack.
You thump the jackal!
You kill the jackal!
You hit the jackal but do no damage. You block the jackal's attack. x2
A jackal is nearby!
A jackal is nearby!
You closely miss the jackal.
The jackal bites you but does no damage.
The jackal barely misses you.
You barely miss the jackal.
The jackal bites you but does no damage.
You sock the jackal!
You kill the jackal!
Things that are here:
a jackal corpse; a jackal corpse Key pressed, stopping explore.
A bat comes into view.
A bat is nearby!
The bat closely misses you.
You miss the bat. The bat barely misses you.
You hit the bat. The bat hits you. The bat misses you.
You block the bat's attack.
You miss the bat. The bat barely misses you.
The bat hits you but does no damage. The bat barely misses you.
The bat hits you but does no damage.
You sock the bat!
You kill the bat!
No target in view!
No target in view!
No target in view!
Done exploring.
Done exploring.
Done exploring.
Done exploring.
No target in view!
There is a stone staircase leading down here.
You climb downwards.
The gnoll shouts! x2
The adder bites you but does no damage. The gnoll hits you but does no damage.
The adder bites you but does no damage. The gnoll closely misses you.
The gnoll misses you.
There is a stone staircase leading up here.
There are monsters nearby!
There are monsters nearby!
You closely miss the gnoll. You block the adder's attack.
The gnoll hits you from afar with a +0 halberd!
The gnoll barely misses you. The adder bites you.
You are poisoned.
The adder poisons you!
You feel sick. The adder misses you. You block the gnoll's attack.
The gnoll hits you with a +0 club.
* * * LOW HITPOINT WARNING * * *
You climb upwards.
You feel sick.
There is a stone staircase leading down here.
You hit the adder.
You feel sick.
You are no longer poisoned.
The adder misses you. You block the gnoll's attack.
The adder bites you but does no damage.
You closely miss the adder. The gnoll hits you but does no damage.
The adder barely misses you.
You closely miss the adder. The adder bites you.
* * * LOW HITPOINT WARNING * * *
The gnoll hits you with a +0 club.
* * * LOW HITPOINT WARNING * * *
The adder bites you.
* * * LOW HITPOINT WARNING * * *
You are poisoned.
The adder poisons you! The gnoll hits you with a +0 club.
* * * LOW HITPOINT WARNING * * *
Okay, then.
You sock the adder!
You kill the adder!
* * * LOW HITPOINT WARNING * * *
You feel sick. The gnoll hits you with a +0 club.
You die...

≈.≈≈.....≈..# #.# #....# #.......
≈........≈..###.# #.#..###.#####.
≈≈≈≈≈≈≈≈≈≈......###.#.)....# #.
...........####.....#.##.#######†
#####...#### #######.##.# #...#.
# #.#.# #.##.# #..... # #.#.#
#.##.# #...##
#####.#.#############.##.# ##.##
......#........g@.....##.# #.#
#######..########........####.# #
###.......................# #
#....#####.###.#..###.#####
#####.#### #.# #......#.# .)....#
#.# #....#.#.# ####..# #.#
#........####### # #..# #.#
#...##.......... ####..########.#
#...############


You could see a gnoll.

Vanquished Creatures
  3 gnolls
  2 adders
  A worm (D:2)
  A dart slug (D:1)
  2 ball pythons
  2 endoplasms
  2 goblins
  6 hobgoblins
  10 jackals
  4 kobolds
  2 quokkas
  3 bats (D:1)
  A frilled lizard (D:2)
  9 rats
48 creatures vanquished.

Notes
Turn   | Place    | Note
-------+----------+-------------------------------------------
     0 | D:1      | CryoSword the Formicid Fighter began the quest for the Orb.
     0 | D:1      | Reached XP level 1. HP: 18/18 MP: 1/1
   193 | D:1      | You fall into a shaft and drop 1 floor!
   202 | D:2      | Reached XP level 2. HP: 24/24 MP: 2/2
   392 | D:2      | Reached skill level 4 in Shields
   392 | D:2      | Reached XP level 3. HP: 16/29 MP: 3/3
   823 | D:2      | Reached XP level 4. HP: 31/37 MP: 4/4
   927 | D:2      | Found Neta's General Store.
  1698 | D:1      | Slain by a gnoll

Illustrated notes

Levels and vault maps discovered:
D:1:      ebering_trefoil_twist, layout_loops_ring
D:2:      layout_basic, serial_shops, nicolae_shop_stone

Skill      XL: |  1  2 |
---------------+-------+-----
Shields        | 4 |  4.3
Fighting       | |  3.9
Staves         | |  2.9
Throwing       | |  0.6
Armour         | |  3.8
Dodging        | |  0.6

Action                   |  1- 3 |  4- 6 || total
-------------------------+-------+-------++-------
Melee: Quarterstaff      |    61 |    84 ||   145
  Use: Scroll            |     1 |       ||     1
Armor: Scale mail        |    24 |    37 ||    61
Dodge: Dodged            |    30 |    31 ||    61
Block: Buckler           |    19 |    22 ||    41
